Map: Hecate LE

Players

Scodelario - Winner!

  • Race: Protoss Protoss
  • League: Diamond
  • Spawn Location: 7:00

SubN

  • Race: Zerg Zerg
  • League: Diamond
  • Spawn Location: 1:00

VOD

Have the link to the VOD?

Description

Time

  • Played on: Nov. 18, 2023, 6:39 p.m.
  • Length: 9:50
Show
View Real Time Build Order
Export as new Build Order

Scodelario Protoss - Winner!

Build Orders: 1 Gate Expand, Blink Stalkers 

Get SALT Encoding   

  12  0:00  Probe  
  13  0:12  Probe  
  14  0:19  Pylon  
  14  0:24  Probe  
  15  0:38  Gateway  
  15  0:41  Probe (Chrono Boost)  
  16  0:47  Assimilator  
  16  0:53  Probe (Chrono Boost)  
  17  1:10  Probe  
  18  1:24  Nexus  
  18  1:25  Probe  
  19  1:38  Cybernetics Core  
  19  1:40  Probe  
  20  1:50  Gateway  
  20  2:01  Probe  
  21  2:03  Assimilator  
  21  2:07  Pylon  
  21  2:14  Warp Gate  
  21  2:15  Adept (Chrono Boost)  
  23  2:25  Probe  
  24  2:36  Probe  
  25  2:37  Probe  
  25  2:38  Adept (Chrono Boost)  
  25  2:42  Stalker  
  30  2:49  Probe x2  
  32  2:57  Pylon  
  31  3:09  Probe  
  31  3:10  Probe  
  33  3:16  Pylon  
  33  3:20  Twilight Council  
  33  3:22  Probe x2  
  35  3:27  Robotics Facility  
  35  3:34  Probe  
  36  3:51  Blink (Chrono Boost)  
  36  3:55  Nexus  
  36  3:57  Pylon  
  36  4:01  Probe  
  37  4:05  Assimilator  
  37  4:13  Probe x2  
  37  4:15  Shield Battery  
  40  4:25  Probe (Chrono Boost)  
  40  4:26  Observer, Probe (Chrono Boost)  
  40  4:29  Assimilator  
  42  4:37  Probe (Chrono Boost)  
  42  4:38  Probe (Chrono Boost)  
  44  4:42  Probe (Chrono Boost)  
  44  4:45  Gateway  
  45  4:46  Gateway  
  45  4:51  Forge  
  45  4:53  Probe  
  45  4:54  Probe  
  47  5:02  Stalker  
  47  5:05  Probe  
  47  5:06  Probe  
  51  5:09  Probe  
  52  5:17  Probe  
  52  5:18  Probe  
  54  5:21  Probe  
  54  5:24  Stalker  
  57  5:29  Probe  
  57  5:30  Probe  
  59  5:40  Stalker x2  
  63  5:46  Probe  
  63  5:47  Probe x2  
  66  5:57  Robotics Bay  
  66  5:59  Probe x3  
  69  6:05  Stalker x3  
  69  6:06  Stalker  
  77  6:17  Pylon  
  77  6:22  Pylon  
  77  6:25  Pylon  
  77  6:31  Pylon  
  77  6:33  Assimilator  
  77  6:34  Protoss Ground Weapons Level 1 (Chrono Boost)  
  77  6:35  Probe x3  
  77  6:38  Assimilator  
  80  6:40  Stalker x4  
  80  6:46  Gateway  
  88  6:47  Probe x3  
  88  6:48  Gateway  
  88  6:50  Colossus (Chrono Boost)  
  97  7:03  Stalker x4  
  105  7:24  Pylon  
  105  7:29  Gateway, Extended Thermal Lance  
  105  7:30  Gateway  
  105  7:35  Gateway  
  105  7:36  Pylon  
  105  7:39  Probe  
  105  7:40  Probe x2  
  105  7:41  Colossus (Chrono Boost), Pylon  
  114  7:45  Stalker  
  116  7:51  Probe  
  116  7:54  Probe  
  118  8:03  Stalker  
  118  8:04  Stalker x4  
  128  8:13  Pylon  
  128  8:16  Pylon  
  128  8:17  Pylon  
  128  8:22  Warp Prism (Chrono Boost)  
  128  8:24  Stalker  
  111  8:55  Stalker x6  
  101  8:56  Stalker x3  
  111  9:27  Stalker  
  111  9:28  Stalker x8  
Show
View Real Time Build Order
Export as new Build Order

SubN Zerg 

Build Orders: Hatch First 

Get SALT Encoding   

  12  0:00  Drone  
  13  0:12  Overlord  
  13  0:18  Drone  
  14  0:31  Drone x2  
  16  0:50  Hatchery  
  16  0:57  Drone x2  
  17  0:59  Drone  
  17  1:02  Extractor  
  17  1:16  Spawning Pool  
  16  1:31  Drone x3  
  19  1:41  Drone  
  20  1:53  Overlord  
  20  2:03  Queen x2  
  20  2:05  Zergling x2  
  20  2:06  Zergling x2  
  26  2:12  Metabolic Boost  
  26  2:28  Drone  
  26  2:29  Drone x3  
  30  2:48  Hatchery  
  29  2:52  Queen  
  30  3:02  Zergling x4  
  30  3:04  Drone x2  
  34  3:11  Lair  
  34  3:16  Overlord  
  34  3:21  Overlord  
  34  3:27  Overlord  
  34  3:42  Queen  
  34  3:45  Drone x5  
  41  3:48  Drone  
  42  4:01  Queen  
  44  4:03  Drone x2  
  46  4:12  Hydralisk Den  
  45  4:17  Overseer  
  45  4:20  Evolution Chamber  
  44  4:24  Drone x2  
  44  4:25  Drone x3  
  44  4:26  Extractor  
  44  4:28  Extractor  
  44  4:30  Extractor  
  46  4:35  Drone x2  
  48  4:40  Drone x2  
  48  4:42  Overlord  
  48  4:44  Overlord  
  50  4:46  Overlord  
  50  4:58  Grooved Spines  
  50  4:59  Evolution Chamber  
  49  5:00  Zerg Missile Weapons Level 1  
  49  5:02  Drone x5  
  54  5:09  Drone x3  
  54  5:12  Overseer  
  54  5:37  Overlord x2  
  54  5:43  Hydralisk x5  
  54  5:44  Hydralisk  
  66  5:58  Overseer  
  66  5:59  Hydralisk  
  68  6:17  Overseer  
  68  6:20  Zerg Ground Armor Level 1  
  68  6:22  Overlord  
  68  6:26  Zergling x12  
  74  6:38  Overlord x4  
  74  6:51  Hydralisk  
  74  6:52  Hydralisk  
  78  6:54  Zerg Melee Weapons Level 1  
  78  6:56  Muscular Augments  
  78  7:05  Hydralisk  
  78  7:06  Hydralisk x2  
  84  7:13  Pneumatized Carapace  
  84  7:14  Zergling x2  
  85  7:24  Zergling x4  
  85  7:25  Zergling x4  
  89  7:44  Overlord  
  89  7:45  Overlord  
  83  8:06  Hydralisk x9  
  101  8:14  Drone x4  
  105  8:29  Hydralisk x4  
  105  8:30  Hydralisk  
  108  8:47  Hydralisk  
  108  8:48  Hydralisk x4  
  92  8:54  Zergling x2  
  92  8:55  Zergling x6  
  86  8:58  Zergling x2  
  82  9:03  Zergling x28  
  82  9:04  Zergling x10  
  82  9:08  Zergling x4  
  86  9:31  Zergling x10  
  74  9:32  Zergling x4  
Tags
 
Add a new tag
Caveats
  • Supply blocks, unpowered buildings, or Contaminate may cause inaccurate times.
  • Supply counts are checked every 10 seconds.